 Dungeon Crawl Stone Soup version 0.31-a0-656-gb4d89c20fa (webtiles) character file.

Game seed: 9684222469268251710

114 CowFu the Ruffian (level 4, -4/34 HPs)
             Began as a Gnoll Shapeshifter on Aug 30, 2023.
             Slain by an orc
             ... wielding a +0 flail
              (9 damage)
             ... on level 3 of the Dungeon.
             The game lasted 00:00:59 (1025 turns).

CowFu the Ruffian (Gnoll Shapeshifter)              Turns: 1025, Time: 00:00:59

Health: -4/34      AC:  2    Str: 15    XL:     4   Next: 97%
Magic:  5/5        EV: 13    Int: 10    God:
Gold:   50         SH:  0    Dex: 11    Spells: 5/5 levels left

rFire   . .          .
                       - Unarmed
rCold   . . .        (no shield)
rNeg    . . .        a - +0 animal skin
rPois   .            (helmet currently unavailable)
rElec   .            (cloak currently unavailable)
rCorr   .            (gloves currently unavailable)
SInv    .            (boots currently unavailable)
Will    .....        (no amulet)
Stlth   ++           (no ring)
HPRegen 0.25/turn    (no ring)
MPRegen 0.09/turn

%: no passive effects
@: lethally poisoned (-4 -> -5), beast-form
A: beast (slay +3), fangs 1, strong nose, distributed training
a: Begin Untransformation


You were on level 3 of the Dungeon.
You were a hulking beast.
You visited 1 branch of the dungeon, and saw 3 of its levels.

You collected 50 gold pieces.

Inventory:

Armour
 a - a +0 animal skin (worn)
 f - a +0 helmet
Jewellery
 g - a ring of protection from cold
Talismans
 c - a beast talisman (active)
 d - a flux talisman
Scrolls
 i - a scroll of identify {unknown}
 k - a scroll of brand weapon {unknown}
 m - a scroll of summoning {unknown}
Potions
 b - a potion of lignification
 e - a potion of curing {unknown}
 h - a potion of might {unknown}
 j - a potion of haste {unknown}
 l - 2 potions of heal wounds {unknown}


   Skills:
 + Level 2.8 Fighting
 + Level 1.3 Short Blades
 + Level 1.3 Long Blades
 + Level 1.3 Axes
 + Level 1.3 Maces & Flails
 + Level 1.3 Polearms
 + Level 1.3 Staves
 + Level 1.3 Ranged Weapons
 + Level 1.3 Throwing
 + Level 1.3 Armour
 + Level 4.7 Dodging
 + Level 1.3 Stealth
 + Level 1.3 Shields
 + Level 6.6 Unarmed Combat
 + Level 1.3 Spellcasting
 + Level 1.0 Conjurations
 + Level 1.0 Hexes
 + Level 1.0 Summonings
 + Level 1.0 Necromancy
 + Level 1.0 Translocations
 + Level 1.0 Transmutations
 + Level 1.0 Fire Magic
 + Level 1.0 Ice Magic
 + Level 1.0 Air Magic
 + Level 1.0 Earth Magic
 + Level 1.0 Poison Magic
 + Level 1.4 Invocations
 + Level 1.3 Evocations
 + Level 6.6 Shapeshifting


You had 5 spell levels left.
You didn't know any spells.
Your spell library was empty.

Dungeon Overview and Level Annotations

Branches:
Dungeon (3/15)

Altars:

Annotations:
D:2 Sigmund


Innate Abilities, Weirdness & Mutations

You are a hulking beast.
Your limbs bulge with bestial killing power. (Slay +3)
You have very sharp teeth.
Your uncanny sense of smell can sniff out nearby items.
Your experience applies equally to all skills.


Message History

The orc wizard hits you with a +0 dagger.
You bump into the rock wall.
The orc wizard hits you but does no damage.
You bump into the rock wall.
The orc wizard barely misses you.
You bump into the rock wall.
You feel less confused.
The orc wizard hits you with a +0 dagger.
You barely miss the orc wizard. You bite the orc wizard.
The orc wizard is lightly wounded.
The orc wizard hits you with a +0 dagger.
You hit the orc wizard.
The orc wizard is moderately wounded.
The orc wizard hits you with a +0 dagger.
* * * LOW HITPOINT WARNING * * *
You punch the orc wizard!
You kill the orc wizard!
The adder closely misses you.
Your Conjurations skill increases to level 1!
Your Hexes skill increases to level 1!
Your Summonings skill increases to level 1!
Your Necromancy skill increases to level 1!
Your Translocations skill increases to level 1!
Your Transmutations skill increases to level 1!
Your Fire Magic skill increases to level 1!
Your Ice Magic skill increases to level 1!
Your Air Magic skill increases to level 1!
Your Earth Magic skill increases to level 1!
Your Poison Magic skill increases to level 1!
You miss the adder. The adder bites you.
* * * LOW HITPOINT WARNING * * *
You are poisoned.
The adder poisons you!
You punch the adder!
The adder is almost dead.
You feel sick. The adder misses you.
You punch the adder!
You kill the adder!
You feel sick.
You barely miss the orc.
You feel sick. The orc hits you with a +0 flail!
You die...

#.# # ## #.# # .. #.# ###
#. ### #.# #.. ∆∆#.
#.#####.# #..
∆∆#.###.......########..
#o..So................
......o###o#####.......####
..S.o.. #h# #.#####.#
..#.### #.# #.# #.# # # #.#
#^# #.# #.# #.# #.# #.# #.#
#.#### #.# #.# #..... ...
#.# ###### ### ...


You could see an adder and 2 orcs.

Vanquished Creatures
  2 orc wizards (D:3)
  3 adders
  An orc (D:3)
  2 endoplasms
  3 giant cockroaches
  A goblin (D:1)
  4 hobgoblins
  2 jackals (D:1)
  5 kobolds (D:1)
  2 quokkas (D:1)
  A ball python (D:1)
  6 bats (D:1)
  A frilled lizard (D:1)
  3 rats (D:1)
36 creatures vanquished.

Notes
Turn   | Place    | Note
-------+----------+-------------------------------------------
     0 | D:1      | CowFu the Gnoll Shapeshifter began the quest for the Orb.
     0 | D:1      | Reached XP level 1. HP: 17/17 MP: 1/1
   129 | D:1      | Reached XP level 2. HP: 23/23 MP: 2/2
   427 | D:1      | Reached XP level 3. HP: 27/28 MP: 3/3
   729 | D:2      | Reached skill level 1 in Invocations
   807 | D:2      | Noticed Sigmund
   991 | D:3      | Reached skill level 1 in Short Blades
   991 | D:3      | Reached skill level 1 in Long Blades
   991 | D:3      | Reached skill level 1 in Axes
   991 | D:3      | Reached skill level 1 in Maces & Flails
   991 | D:3      | Reached skill level 1 in Polearms
   991 | D:3      | Reached skill level 1 in Staves
   991 | D:3      | Reached skill level 1 in Ranged Weapons
   991 | D:3      | Reached skill level 1 in Throwing
   991 | D:3      | Reached skill level 1 in Armour
   991 | D:3      | Reached skill level 1 in Stealth
   991 | D:3      | Reached skill level 1 in Shields
   991 | D:3      | Reached skill level 1 in Spellcasting
   991 | D:3      | Reached skill level 1 in Evocations
   991 | D:3      | Reached XP level 4. HP: 30/34 MP: 5/5
  1022 | D:3      | Reached skill level 1 in Conjurations
  1022 | D:3      | Reached skill level 1 in Hexes
  1022 | D:3      | Reached skill level 1 in Summonings
  1022 | D:3      | Reached skill level 1 in Necromancy
  1022 | D:3      | Reached skill level 1 in Translocations
  1022 | D:3      | Reached skill level 1 in Transmutations
  1022 | D:3      | Reached skill level 1 in Fire Magic
  1022 | D:3      | Reached skill level 1 in Ice Magic
  1022 | D:3      | Reached skill level 1 in Air Magic
  1022 | D:3      | Reached skill level 1 in Earth Magic
  1022 | D:3      | Reached skill level 1 in Poison Magic
  1025 | D:3      | Slain by an orc

Illustrated notes

Levels and vault maps discovered:
D:1:      giann_horns, layout_basic, grunt_decor_fettered
D:2:      minmay_chambers_of_twos, layout_basic, uniq_terence, uniq_sigmund
D:3:      layout_basic, lemuel_tele_altar, supply_closet_lemuel, uniq_natasha

Skill      XL: |  1  2  3  4 |
---------------+-------------+-----
Invocations    | 1 |  1.4
Short Blades   | 1 |  1.3
Long Blades    | 1 |  1.3
Axes           | 1 |  1.3
Maces & Flails | 1 |  1.3
Polearms       | 1 |  1.3
Staves         | 1 |  1.3
Ranged Weapons | 1 |  1.3
Throwing       | 1 |  1.3
Armour         | 1 |  1.3
Stealth        | 1 |  1.3
Shields        | 1 |  1.3
Spellcasting   | 1 |  1.3
Evocations     | 1 |  1.3
Conjurations   | 1 |  1.0
Hexes          | 1 |  1.0
Summonings     | 1 |  1.0
Necromancy     | 1 |  1.0
Translocations | 1 |  1.0
Transmutations | 1 |  1.0
Fire Magic     | 1 |  1.0
Ice Magic      | 1 |  1.0
Air Magic      | 1 |  1.0
Earth Magic    | 1 |  1.0
Poison Magic   | 1 |  1.0
Fighting       | |  2.8
Dodging        | |  4.7
Unarmed Combat | |  6.6
Shapeshifting  | |  6.6

Action                     |  1- 3 |  4- 6 || total
---------------------------+-------+-------++-------
  Melee: Unarmed           |    68 |    14 ||    82
         Bite              |     9 |     1 ||    10
   Stab: Sleeping          |     2 |       ||     2
 Armour: Animal skin       |    11 |     3 ||    14
  Dodge: Dodged            |    39 |     9 ||    48

Table legend: (Time is in decaauts)
 A = Elapsed time spent in this place.
 B = Non-inter-level travel time spent in this place.
 C = Inter-level travel time spent in this place.
 D = Time resting spent in this place.
 E = Time spent auto-exploring this place.
 F = Levels seen in this place.
 G = Mean time per level.
                   A        B        C        D        E       F      G
               +--------+--------+--------+--------+--------+-----+--------+
         Total |   1014 |    988 |     26 |      0 |    760 |   3 |  338.0 |
       Dungeon |   1014 |    988 |     26 |      0 |    760 |   3 |  338.0 |
               +--------+--------+--------+--------+--------+-----+--------+

Top non-repeatable levels by time:
     D:1: 712 daAuts
     D:3: 201 daAuts
     D:2: 100 daAuts
